 Dungeon Crawl Stone Soup version 0.22-a0-247-gbddf880 (webtiles) character file.

39 M4edhros the Grave Robber (level 3, 0/21 HPs)
             Began as an Octopode Necromancer on Feb 23, 2018.
             Succumbed to an adder's poison
             ... on level 2 of the Dungeon.
             The game lasted 00:02:57 (485 turns).

M4edhros the Grave Robber (Octopode Necromancer)     Turns: 485, Time: 00:02:58

Health: 0/21       AC:  1    Str:  7    XL:     3   Next: 47%
Magic:  2/6        EV: 13    Int: 17    God:
Gold:   49         SH:  0    Dex: 13    Spells: 1/6 levels left

rFire    . . .     SeeInvis .     - Unarmed
rCold    . . .     Gourm    .   (no shield)
rNeg     . . .     Faith    .   (helmet restricted)
rPois    .         Spirit   .   (no amulet)
rElec    .         Reflect  .   (no ring)
rCorr    .         Harm     .   (no ring)
MR       .....                  (no ring)
Stlth    +++.......             (no ring)
HPRegen  0.07/turn              (no ring)
MPRegen  0.10/turn              (no ring)
                                (no ring)
                                (no ring)

@: lethally poisoned (0 -> -4)
A: almost no armour, stealthy swim, amphibious, 8 rings, constrict 8, camouflage
1, gelatinous body 1
a: no special abilities


You were on level 2 of the Dungeon.
You were not hungry.

You visited 1 branch of the dungeon, and saw 3 of its levels.

You collected 49 gold pieces.

Inventory:

Scrolls
 c - a scroll of fog {unknown}
 d - a scroll of identify {unknown}
 e - a scroll of teleportation {unknown}
Comestibles
 a - 2 rations


   Skills:
 - Level 2.0 Dodging
 - Level 2.6 Stealth
 + Level 3.0 Unarmed Combat
 - Level 2.0 Spellcasting
 - Level 4.0 Necromancy


You had one spell level left.
You knew the following spells:

 Your Spells              Type           Power        Failure   Level  Hunger
a - Pain                  Necr           ###.         3%          1    #......
b - Animate Skeleton      Necr           N/A          3%          1    #......
c - Regeneration          Chrm/Necr      #.........   26%         3    ###....


Dungeon Overview and Level Annotations

Branches:
Dungeon (3/15)

Altars:
Fedhas


Innate Abilities, Weirdness & Mutations

You cannot wear most types of armour.
You are very stealthy in the water. (Stealth+)
You are amphibious.
You can wear up to eight rings at the same time.
You can use your tentacles to constrict eight enemies at once.
Your skin changes colour to match your surroundings (Stealth+).
Your rubbery body absorbs attacks. (AC +1, EV +1)


Message History

You feel sick. The orc barely misses you.
You climb upwards.
* * * LOW HITPOINT WARNING * * *
You feel sick.
There is a stone staircase leading down here.
Okay, then.
Sorry, you're not good enough to have a special ability.
You aren't carrying any items that you can evoke.
Unknown command.
* * * LOW HITPOINT WARNING * * *
You feel sick.
Found a stone staircase leading down.
A kobold comes into view. It is wielding a club.
* * * LOW HITPOINT WARNING * * *
You feel sick.
* * * LOW HITPOINT WARNING * * *
You feel sick.
Found a stone staircase leading up.
Found 19 stones.
You die...

# #####.## # .# ##.## # .#
#...# ...# # .# #...#
...### ##.# #...# .....##
...# #...# <...(..
#.######...#####. .....#
#.#.............##....# ##
................@.....#..
#.#..>..........#.......#
#.######...######o##..#K##
..# #...# #.# ..... ###
#...# #.# #.#.# #...#
#.###.#.## #...#
#......>.# #
##.########.##.##.#.#
#......###.##.##..#.#


You could see an orc and a kobold (sleeping).

Vanquished Creatures
  2 adders
  A worm (D:2)
  An orc (D:3)
  2 giant cockroaches (D:2)
  2 goblins
  A hobgoblin (D:2)
  A kobold (D:2)
  3 bats
  3 rats (D:2)
16 creatures vanquished.

Vanquished Creatures (collateral kills)
  2 goblins (D:2)
  A frilled lizard (D:1)
  A rat (D:2)
4 creatures vanquished.

Grand Total: 20 creatures vanquished

Notes
Turn   | Place    | Note
-------+----------+-------------------------------------------
     0 | D:1      | M4edhros the Octopode Necromancer began the quest for the Orb.
     0 | D:1      | Reached XP level 1. HP: 11/11 MP: 3/3
    17 | D:1      | Learned a level 1 spell: Animate Skeleton
    69 | D:2      | Reached skill level 1 in Unarmed Combat
    69 | D:2      | Reached XP level 2. HP: 10/17 MP: 1/5
   298 | D:3      | Reached XP level 3. HP: 10/21 MP: 1/6
   308 | D:2      | Learned a level 3 spell: Regeneration
   353 | D:2      | Found a blossoming altar of Fedhas.
   481 | D:2      | HP: 1/21 [poisoned by an adder]
   485 | D:2      | Succumbed to an adder's poison

Vault maps used:
D:1:      dpeg_arrival_simpleton_c
D:2:      fedhas_altar_2
D:3:      nicolae_gozag_cash_rules_everything_around_me

Skill      XL: |  1  2  3 |
---------------+----------+-----
Unarmed Combat | 1 2 3 |  3.0
Dodging        | |  2.0
Stealth        | |  2.6
Spellcasting   | |  2.0
Necromancy     | |  4.0

Action                   || total
-------------------------++-------
Melee: Unarmed           ||    37
       Constrict         ||    10
       Tentacles         ||     4
 Cast: Pain              ||    20
       Animate Skeleton  ||     3
       Regeneration      ||     1
 Stab: Sleeping          ||     4
Armor: Skin              ||     3
Dodge: Dodged            ||    33

Table legend:
 A = Spawn XP
 B = Non-spawn XP
 C = Spawn XP percentage of total XP
 D = Spawn monster count
 E = Non-spawn monster count
 F = Spawn count percentage of total count
 G = Total turns spent on level
                    A         B        C        D         E        F      G
               +---------+---------+-------+---------+---------+-------+---------
         Total |       0 |      57 |   0.0 |       0 |      20 |   0.0 |   485
               +---------+---------+-------+---------+---------+-------+---------
           D:1 |       0 |       4 |   0.0 |       0 |       3 |   0.0 |    67
           D:2 |       0 |      35 |   0.0 |       0 |      14 |   0.0 |   377
           D:3 |       0 |      18 |   0.0 |       0 |       3 |   0.0 |    41
               +---------+---------+-------+---------+---------+-------+---------
